 Dungeon Crawl Stone Soup version 0.18-b1-10-g3f7de93 (webtiles) character file.

205 SkaryMonk the Cutter (level 5, -1/34 HPs)
             Began as an Octopode Assassin on Apr 29, 2016.
             Slain by a hobgoblin
             ... wielding a +0 club
             ... led by Robin
              (6 damage)
             ... on level 3 of the Dungeon.
             The game lasted 00:59:32 (3234 turns).

SkaryMonk the Cutter (Octopode Assassin)            Turns: 3234, Time: 00:59:33

Health: -1/34      AC:  1    Str: 11    XL:     5   Next: 83%
Magic:  14/14      EV: 11    Int: 13    God:
Gold:   135        SH:  3    Dex: 14    Spells: 0 memorised, 4 levels left

rFire  . . .     SeeInvis .     a - +2 dagger
rCold  . . .     Gourm    .     q - +0 buckler (curse)
rNeg   . . .     Faith    .     (helmet restricted)
rPois  .         Spirit   .     (no amulet)
rElec  .         Dismiss  .     k - ring of magical power
rCorr  .         Reflect  .     (no ring)
SustAt .         Harm     .     (no ring)
MR     .....                    (no ring)
Stlth  ++++......               (no ring)
                                (no ring)
                                (no ring)
                                (no ring)

@: not resistant to hostile enchantments, stealthy
A: almost no armour, amphibious, 8 rings, constrict 8, camouflage 1, gelatinous
body 1
a: no special abilities


You were on level 3 of the Dungeon.
You were very hungry.

You visited 1 branch of the dungeon, and saw 4 of its levels.

You collected 135 gold pieces.

Notes
Turn   | Place    | Note
--------------------------------------------------------------
     0 | D:1      | SkaryMonk the Octopode Assassin began the quest for the Orb.
     0 | D:1      | Reached XP level 1. HP: 14/14 MP: 1/1
     1 | D:1      | Found a runed door.
    27 | D:2      | Reached XP level 2. HP: 4/19 MP: 2/2
   333 | D:2      | Found a bloodstained altar of Trog.
   464 | D:1      | Reached XP level 3. HP: 21/24 MP: 3/3
   895 | D:2      | Reached XP level 4. HP: 11/29 MP: 4/4
  1556 | D:3      | Found an ancient bone altar of Kikubaaqudgha.
  1764 | D:3      | Found a blossoming altar of Fedhas.
  1820 | D:3      | Noticed Terence
  1823 | D:3      | Killed Terence
  1823 | D:3      | Reached skill level 5 in Short Blades
  1823 | D:3      | Reached XP level 5. HP: 34/34 MP: 5/5
  1866 | D:3      | Noticed Ijyb
  1870 | D:3      | Killed Ijyb
  2630 | D:4      | Noticed Robin
  2862 | D:4      | Noticed Aokaililo's ghost (weakling MiFi)
  3234 | D:3      | Slain by a hobgoblin

Inventory:

Hand Weapons
 a - a +2 dagger (weapon)
 b - a +0 blowgun
 g - a +0 rapier
 j - a +0 short sword
Missiles
 c - 48 poisoned needles
 d - 2 curare-tipped needles
Armour
 q - a cursed +0 buckler (worn)
Jewellery
 k - a ring of magical power (left tentacle)
Scrolls
 e - a scroll of random uselessness {unknown}
 l - a scroll of fear {unknown}
 o - 2 scrolls of remove curse
 r - 2 scrolls of recharging
 t - a scroll of blinking {unknown}
Potions
 i - 2 potions of lignification
 m - 3 potions of ambrosia
 p - 2 potions of brilliance
 s - a potion of invisibility {unknown}
 w - a potion of mutation {unknown}
 x - 2 potions of degeneration
 z - 2 potions of agility {unknown}
 A - 2 potions of haste {unknown}
 B - a potion of curing {unknown}
Comestibles
 f - 4 bread rations
 h - 2 meat rations

Table legend:
 A = Turns spent in this place as a percentage of turns spent in the entire game.
 B = Non-inter-level travel turns spent in this place as a percentage of non-inter-level travel turns spent in the entire game.
 C = Inter-level travel turns spent in this place as a percentage of turns spent in this place.
 D = Turns resting spent in this place as a percentage of non-inter-level travel turns spent in this place.
 E = Turns spent auto-exploring this place as a percentage of non-inter-level travel turns spent in this place.
 F = Non-inter-level travel turns spent in this place divided by the number of levels of this place that you've seen.
                   A       B       C       D       E      F
               +-------+-------+-------+-------+-------+----------------------
         Total | 100.0 | 100.0 |   1.5 |   2.2 |  11.8 | 178.5
       Dungeon | 100.0 | 100.0 |   1.5 |   2.2 |  11.8 | 178.5
               +-------+-------+-------+-------+-------+----------------------


   Skills:
 - Level 2.0 Fighting
 - Level 5.8 Short Blades
 - Level 2.0 Throwing
 - Level 1.0 Dodging
 - Level 5.3 Stealth
 + Level 0.4 Shields


You had 4 spell levels left.
You didn't know any spells.

Dungeon Overview and Level Annotations

Branches:
Dungeon (4/15)
 Temple: D:4-7

Altars:
Fedhas
Kikubaaqudgha
Trog

Annotations:
D:4 Aokaililo's ghost, weakling MiFi; Robin


Innate Abilities, Weirdness & Mutations

You cannot wear most types of armour.
You are amphibious.
You can wear up to eight rings at the same time.
You can use your tentacles to constrict eight enemies at once.
Your skin changes colour to match your surroundings (Stealth).
Your rubbery body absorbs attacks (AC +1).


Message History

Okay, then.
You completely miss the hobgoblin. You grab the hobgoblin.
The hobgoblin is heavily wounded.
You constrict the hobgoblin. The goblin closely misses you.
You block the hobgoblin's attack.
You hit the hobgoblin but do no damage.
The hobgoblin is severely wounded.
You constrict the hobgoblin. The hobgoblin hits you!
* * * LOW HITPOINT WARNING * * *
The goblin hits you but does no damage.
You hit the hobgoblin but do no damage. You grab the hobgoblin.
You constrict the hobgoblin, but do no damage.
You constrict the hobgoblin.
You kill the hobgoblin!
You block the hobgoblin's attack. The goblin hits you with a dagger.
* * * LOW HITPOINT WARNING * * *
You hit the goblin.
You kill the goblin!
You constrict the hobgoblin. The hobgoblin hits you with a club.
You die...

#.# #..# #.# #..#
##.######## #..#
..........# #..#
##.######.# #..#
........#.# #..#
##.####.#.#####..# #.#
#.#.....#.g################
##.#
#.#####.#.@)...............
...# #.#
#.################### ####
#.# #.# #.# #.# #######.#
#.# ######## ).......# #.#
#<...... .########
#.################### .#
#.................... .#
#####################


You could see a hobgoblin.

Table legend:
 A = Kills in this place as a percentage of kills in entire the game.
 B = Kills by you in this place as a percentage of kills by you in the entire game.
 C = Kills by friends in this place as a percentage of kills by friends in the entire game.
 D = Other kills in this place as a percentage of other kills in the entire game.
 E = Experience gained in this place as a percentage of experience gained in the entire game.
 F = Experience gained in this place divided by the number of levels of this place that you have seen.
                   A       B       C       D       E      F
               +-------+-------+-------+-------+-------+----------------------
         Total | 100.0 | 100.0 |  -nan |  -nan | 100.0 |  73.5
       Dungeon | 100.0 | 100.0 |  -nan |  -nan | 100.0 |  73.5
               +-------+-------+-------+-------+-------+----------------------

Vanquished Creatures
  Ijyb (D:3)
  Terence (D:3)
  2 adders (D:3)
  An ooze (D:2)
  2 worms
  4 dart slugs
  7 giant geckos
  5 orcs (D:3)
  A ball python (D:3)
  5 bats
  9 giant cockroaches
  8 hobgoblins
  17 jackals
  10 kobolds
  4 giant newts (D:1)
  9 goblins
  14 rats
100 creatures vanquished.

Action                   |  1- 3 |  4- 6 || total
-------------------------+-------+-------++-------
Melee: Dagger            |    86 |   101 ||   187
       Constrict         |    22 |    27 ||    49
       Tentacles         |    15 |    22 ||    37
  Use: Scroll            |     2 |     4 ||     6
 Stab: Sleeping          |     6 |    17 ||    23
  Eat: Chunk             |       |     6 ||     6
Armor: Skin              |     7 |     2 ||     9
Dodge: Dodged            |    57 |    52 ||   109
Block: Buckler           |       |     5 ||     5

Vault maps used:
D:1:      dpeg_arrival_caged_fury, serial_park_tiny_pond, minivault_4,
          minmay_bisected
D:2:      old_standard_altar
D:3:      grunt_temple_overflow_growth_and_decay, first_bread, uniq_iyjb,
          uniq_terence, uniq_crazy_yiuf_cottage
D:4:      kennysheep_generic_room_6, uniq_robin
